 Dungeon Crawl Stone Soup version 0.29.1-1-gd02db6906a (webtiles) character file.

Game seed: 9805113921444874258

317 mortz the Digger (level 6, -3/32 HPs)
             Began as a Kobold Earth Elementalist on Sept 25, 2022.
             Was an Initiate of Vehumet.
             Killed by nerve-wracking pain
             ... invoked by an orc priest
              (10 damage)
             ... on level 4 of the Dungeon.
             The game lasted 00:25:47 (5377 turns).

mortz the Digger (Kobold Earth Elementalist)        Turns: 5377, Time: 00:25:48

Health: -3/32      AC:  3    Str:  6    XL:     6   Next: 74%
Magic:  18/21      EV: 15    Int: 18    God:    Vehumet [......]
Gold:   225        SH:  0    Dex: 15    Spells: 4/13 levels left

rFire   . . .      SeeInvis .   g - +2 dagger (speed)
rCold   . . .      Faith    .   (no shield)
rNeg    . . .      Spirit   .   a - +1 robe
rPois   .          Reflect  .   (no helmet)
rElec   .          Harm     .   (no cloak)
rCorr   .          Rampage  .   (no gloves)
Will    .....                   (no boots)
Stlth   ++++......              c - amulet of magic regeneration
HPRegen 0.10/turn               n - ring of magical power
MPRegen 0.57/turn               x - ring of wizardry

@: no status effects
A: small, no large weapons, nightstalker 3
a: Renounce Religion


You were on level 4 of the Dungeon.
You worshipped Vehumet.
Vehumet was noncommittal.
You visited 2 branches of the dungeon, and saw 5 of its levels.

You collected 225 gold pieces.

Inventory:

Hand Weapons
 d - a +0 dagger
 g - a +2 dagger of speed (weapon)
 h - a +0 rapier
 o - a +0 dagger
 p - a +0 short sword
Missiles
 f - 6 poisoned darts
Armour
 a - a +1 robe (worn)
 s - the +3 leather armour of the Farmer {rC- Will+ Int+3}
   (You found it on level 3 of the Dungeon)

   Int:       It affects your intelligence (+3).
   rC:        It makes you vulnerable to cold.
   Will:      It increases your willpower.
Jewellery
 c - an amulet of magic regeneration (around neck)
 i - a ring of resist corrosion
 n - a ring of magical power (left hand)
 t - a ring of willpower
 u - a ring of ice
 x - a ring of wizardry (right hand)
Scrolls
 e - a scroll of blinking
 j - a scroll of teleportation
 y - a scroll of summoning {unknown}
Potions
 b - a potion of magic
 k - a potion of curing
 l - a potion of might
 m - a potion of haste
 q - a potion of heal wounds
 r - a potion of berserk rage
 w - a potion of flight


   Skills:
 + Level 0.2 Fighting
 + Level 0.6 Short Blades
 + Level 2.5 Dodging
 + Level 3.9 Stealth
 * Level 4.2 Spellcasting
 * Level 1.9 Conjurations
 + Level 1.4 Transmutations
 * Level 4.8 Earth Magic


You had 4 spell levels left.
You knew the following spells:

 Your Spells              Type           Power      Damage    Failure   Level
a - Sandblast             Erth           42%        2d11      1%          1
b - Passwall              Tmut/Erth      12%        N/A       2%          2
c - Stone Arrow           Conj/Erth      30%        3d8       4%          3
d - Sting                 Tmut/Pois      24%        1d4       4%          1
e - Poisonous Vapours     Pois/Air       6%         N/A       9%          2

Your spell library contained the following spells:

 Spells                   Type           Power      Damage    Failure   Level
 Petrify                  Tmut/Erth      15%        N/A       16%         4
 Animate Armour           Summ/Erth      24%        N/A       21%         4
 Olgreb's Toxic Radiance  Pois           3%         N/A       47%         4
 Blade Hands              Tmut           4%         N/A       61%         5
 Iron Shot                Conj/Erth      7%         9d2       89%         6


Dungeon Overview and Level Annotations

Branches:
Dungeon (4/15) Zot: 18823  Temple (1/1) D:4 Zot: 5753

Altars:
Cheibriados
Dithmenos
Fedhas
Hepliaklqana
Kikubaaqudgha
Makhleb
Nemelex Xobeh
Okawaru
Qazlal
Ru
Sif Muna
Trog
Uskayaw
Vehumet
Wu Jian
Yredelemnul
Zin
The Shining One

Shops:
D:3 =

Annotations:
D:3 Sigmund


Innate Abilities, Weirdness & Mutations

You are small and have problems with some larger weapons.
You are completely attuned to the shadows.


Message History

An orc comes into view. It is wielding a +0 club.
The blast of sand misses the orc.
The blast of sand hits the orc priest.
The orc priest is moderately wounded.
The orc barely misses you.
Casting: Sandblast (safe; 1% risk of failure)
Confirm with . or Enter, or press ? or * to list all spells.
Okay, then.
Casting: Sandblast (safe; 1% risk of failure)
Confirm with . or Enter, or press ? or * to list all spells.
Aiming: Poisonous Vapours (safe; 9% risk of failure)
Press: ? - help, Dir - move target, f - orc priest, p - orc
Aim: an orc priest, wielding a +0 dagger and wearing a +0 scale mail (moderately wounded) Poisonous vapours surround the orc priest!
The orc priest is poisoned.
The orc hits you but does no damage.
The blast of sand misses the orc.
The blast of sand hits the orc priest.
The orc priest is heavily wounded.
The orc hits you but does no damage. The orc barely misses you.
The blast of sand hits the orc!
You kill the orc!
Vehumet accepts your kill.
The orc priest miscasts a cantrip.
The blast of sand hits the orc priest but does no damage.
The orc priest is severely wounded.
The orc priest looks more healthy.
The orc priest calls down the wrath of Beogh upon you.
Beogh smites you!
The blast of sand hits the orc priest but does no damage.
The orc priest is severely wounded.
The orc closely misses you.
The orc priest miscasts a cantrip.
The blast of sand hits the orc priest but does no damage.
The orc priest is severely wounded.
The orc completely misses you.
The orc priest mumbles some strange prayers to Beogh against you.
Beogh smites you!
* * * LOW HITPOINT WARNING * * *
The orc misses you.
The orc priest invokes the aid of Beogh against you.
Pain shoots through your body!
You die...

..#..........#
#..........#
.............#
#..........#
..(.>........#
........##
....###......####
..........
....###.........#
.#............
..........#.....#
........####...
..........#.....#
#....... #...
..........#.....###.....
#...
..........'.....@ooo....
.....
##........#.....###....#
...## ..........#.....#
#....# ..
######.####.....# ##.###
#.# ####### .# ## #.# .#
.# #.# .# #.# .# #^#


You could see an orc priest and 2 orcs.

Vanquished Creatures
  A water moccasin (D:4)
  A hound (D:3)
  An orc wizard (D:3)
  6 adders
  2 worms
  4 dart slugs (D:1)
  5 orcs
  6 ball pythons
  5 bats
  7 endoplasms
  3 giant cockroaches
  13 goblins
  4 hobgoblins
  8 jackals
  2 quokkas (D:3)
  4 frilled lizards
  14 kobolds
  5 rats
91 creatures vanquished.

Notes
Turn   | Place    | Note
-------+----------+-------------------------------------------
     0 | D:1      | mortz the Kobold Earth Elementalist began the quest for the
                  | Orb.
     0 | D:1      | Reached XP level 1. HP: 10/10 MP: 3/3
    89 | D:1      | Reached XP level 2. HP: 15/15 MP: 3/5
   419 | D:1      | Reached XP level 3. HP: 19/19 MP: 6/6
  1749 | D:2      | Reached XP level 4. HP: 20/24 MP: 8/8
  1880 | D:2      | Learned a level 2 spell: Passwall
  3120 | D:3      | Noticed Sigmund
  3327 | D:3      | Reached XP level 5. HP: 27/28 MP: 10/10
  3351 | D:3      | Found Wianug's Jewellery Shoppe.
  3502 | D:3      | Reached skill level 1 in Conjurations
  3739 | D:3      | Found a glowing golden altar of the Shining One.
  3898 | D:3      | Identified the +3 leather armour of the Farmer {rC- Will+
                  | Int+3}
  4428 | D:4      | Reached XP level 6. HP: 32/32 MP: 11/11
  4521 | D:4      | Learned a level 3 spell: Stone Arrow
  4565 | D:4      | Found a hide-covered altar of Uskayaw.
  4738 | D:4      | Found a staircase to the Ecumenical Temple.
  4744 | Temple   | Entered the Ecumenical Temple
  4953 | Temple   | Became a worshipper of Vehumet
  5008 | D:4      | Learned a level 1 spell: Sting
  5011 | D:4      | Learned a level 2 spell: Poisonous Vapours
  5042 | D:4      | Noticed a water moccasin
  5046 | D:4      | Killed a water moccasin
  5377 | D:4      | Killed from afar by an orc priest

Illustrated notes

Levels and vault maps discovered:
D:1:      ncdulo_watergridlock, layout_basic, minmay_vboxes
D:2:      layout_basic, minmay_misc_feat_tower
D:3:      layout_basic, nicolae_tso_carved_into_rock, serial_shops,
          nicolae_shop_statue_plus, chequers_serial_rivers_small_3, uniq_sigmund
D:4:      layout_basic, minmay_temple_entry_grid, kennysheep_diamond,
          uniq_eustachio
Temple:   minmay_crystal_spiral_temple

Skill      XL: |  1  2  3  4  5  6 |
---------------+-------------------+-----
Stealth        | 3 |  3.9
Earth Magic    | 4 |  4.8
Spellcasting   | 3 4 |  4.2
Conjurations   | 1 |  1.9
Fighting       | |  0.2
Short Blades   | |  0.6
Dodging        | |  2.5
Transmutations | |  1.4

Action                   |  1- 3 |  4- 6 || total
-------------------------+-------+-------++-------
Melee: Dagger            |    17 |    17 ||    34
 Cast: Sandblast         |    33 |    75 ||   108
       Passwall          |       |     1 ||     1
       Poisonous Vapours |       |     1 ||     1
  Use: Scroll            |     3 |     9 ||    12
 Stab: Sleeping          |    12 |    13 ||    25
Armor: Robe              |     2 |     8 ||    10
Dodge: Dodged            |    12 |    35 ||    47
